 Dungeon Crawl Stone Soup version 0.31-a0-1042-ga9834b393d (webtiles) character file.

Game seed: 3949865746448802014

37 kae the Vexing (level 3, -3/25 HPs)
             Began as a Demonspawn Enchanter on Nov 19, 2023.
             Slain by a kobold
             ... wielding a +0 whip
              (5 damage)
             ... on level 3 of the Dungeon.
             The game lasted 00:01:02 (1421 turns).

kae the Vexing (Demonspawn Enchanter)               Turns: 1421, Time: 00:01:03

Health: -3/25      AC:  2    Str: 10    XL:     3   Next: 21%
Magic:  6/6        EV: 12    Int: 16    God:
Gold:   102        SH:  0    Dex: 13    Spells: 1/6 levels left

rFire   . . .        a - +1 dagger
rCold   . . .        (no shield)
rNeg    . . .        b - +0 robe
rPois   .            (no helmet)
rElec   .            (no cloak)
rCorr   .            (no gloves)
SInv    .            (no boots)
Will    +....        (no amulet)
Stlth   ++           (no ring)
HPRegen 0.24/turn    (no ring)
MPRegen 0.10/turn

%: no passive effects
@: enlightened, flying, hasted, very quick
A: claws 1
a: no special abilities


You were on level 3 of the Dungeon.
You visited 1 branch of the dungeon, and saw 3 of its levels.

You collected 102 gold pieces.


Innate Abilities, Weirdness & Mutations

You have sharp fingernails.


   Skills:
 + Level 0.8 Fighting
 * Level 1.8 Short Blades
 + Level 2.1 Dodging
 + Level 2.9 Stealth
 + Level 2.1 Spellcasting
 + Level 3.1 Hexes
 + Level 0.1 Ice Magic


You had one spell level left.
You knew the following spells:

 Your Spells              Type           Power      Damage    Failure   Level
a - Ensorcelled Hibernat  Hex/Ice        14%        N/A       16%         2
b - Confusing Touch       Hex            11%        N/A       17%         3

Your spell library contained the following spells:

 Spells                   Type           Power      Damage    Failure   Level
 Apportation              Tloc           2%         N/A       21%         1
 Necrotise                Necr           4%         1d4       21%         1
 Summon Small Mammal      Summ           4%         N/A       21%         1
 Tukima's Dance           Hex            11%        N/A       17%         3
 Dazzling Flash           Conj/Hex       12%        N/A       32%         3

Inventory:

Hand Weapons
 a - a +1 dagger (weapon)
Missiles
 d - 18 stones
Armour
 b - a +0 robe (worn)
Scrolls
 j - a scroll of poison {unknown}
 k - a scroll of fear
Potions
 c - 3 potions of invisibility
 f - a potion of lignification {unknown}
 h - a potion of brilliance {unknown}
 i - a potion of mutation {unknown}
 l - a potion of resistance {unknown}
 m - a potion of might {unknown}

Dungeon Overview and Level Annotations

Branches:
Dungeon (3/15) Zot: 16586

Altars:

Annotations:
D:2 Sigmund
D:3 exclusion: ice beast

#....~≈~ #....~≈~
#...P≈≈# #+# #....~≈#
..# ### #....~≈#
o.#....
#....≈≈#####≈≈~~
#####....≈≈≈≈≈≈≈≈≈≈≈
####.K.#....≈~≈≈≈≈~~~≈~
#....r@#...............
#.##..).....###..##.##
#..........###<.#
#..##.##............#
..#...#"....####..##.#
. ##..#.....# #..# #
#.#...##... ...#
#.##.>. #.##. #..#
#...... ..# .##..#


You could see a quokka and a kobold.


Message History

😕 HP[-2]
You take 2 damage, and now have 23/25 hp.
Casting: Ensorcelled Hibernation (safe; 16% risk of failure)
Confirm with . or Enter, or press ? or * to list all spells.
Aiming: Ensorcelled Hibernation (safe; 16% risk of failure)
Press: ? - help, Shift-Dir - straight line, f/p - quokka
Aim: a quokka (chance to affect: 58%)
The quokka resists with significant effort.
The quokka closely misses you. The kobold barely misses you. 😕 MP[-2]
You lost 2 mp, and now have 2/6 mp.
You completely miss the kobold. The quokka barely misses you.
The kobold hits you with a +0 whip. 😕 HP[-4]
You take 4 damage, and now have 19/25 hp.
Casting: Ensorcelled Hibernation (safe; 16% risk of failure)
Confirm with . or Enter, or press ? or * to list all spells.
Aiming: Ensorcelled Hibernation (safe; 16% risk of failure)
Press: ? - help, Shift-Dir - straight line, f/p - quokka
Aim: a quokka (chance to affect: 58%)
The quokka resists with significant effort.
The quokka barely misses you. The kobold hits you with a +0 whip.
The quokka barely misses you. 😮 HP[-5] MP[-2]
You take 5 damage, and now have 14/25 hp.
You lost 2 mp, and now have 0/6 mp.
You hit the kobold but do no damage. The quokka bites you.
* * * LOW HITPOINT WARNING * * *
The kobold hits you with a +0 whip.
* * * LOW HITPOINT WARNING * * *
😨 HP[-5]
You take 5 damage, and now have 9/25 hp.
You closely miss the kobold. The quokka barely misses you.
The kobold completely misses you.
You closely miss the kobold. The quokka barely misses you.
The kobold barely misses you. 😨 HP[+1] Unknown command.
You hit the kobold but do no damage. The quokka closely misses you.
You closely miss the kobold. The kobold barely misses you.
The quokka closely misses you.
You closely miss the kobold. The quokka bites you.
* * * LOW HITPOINT WARNING * * *
The kobold hits you with a +0 whip.
* * * LOW HITPOINT WARNING * * *
Unknown command. 😱 HP[-6] MP[+1]
You take 6 damage, and now have 4/25 hp.
MASSIVE DAMAGE!! (PAUSE)
You closely miss the kobold. The quokka bites you.
* * * LOW HITPOINT WARNING * * *
The kobold closely misses you. 😱 HP[-1]
You take 1 damage, and now have 3/25 hp.
Unknown command.
It was a potion of enlightenment.
You feel very buoyant.
You fly up into the air.
The quokka bites you.
* * * LOW HITPOINT WARNING * * *
The kobold closely misses you. The quokka misses you. 😱 HP[-2]
You take 2 damage, and now have 1/25 hp.
It was a potion of ambrosia.
You are confused.
You feel invigorated. The kobold hits you with a +0 whip.
* * * LOW HITPOINT WARNING * * *
The quokka misses you. 😱 HP[+2] MP[+5]
You regained 2 hp, and now have 3/25 hp.
Your mp is fully restored (6).
You bump into the rock wall.
The kobold closely misses you.
The quokka bites you but does no damage. 😨 HP[+5]
You regained 5 hp, and now have 8/25 hp.
You feel less invigorated.
You feel less confused. The quokka closely misses you.
The kobold closely misses you. 😨 HP[+3]
You regained 3 hp, and now have 11/25 hp.
Unknown command.
You barely miss the kobold. The quokka barely misses you.
The kobold hits you with a +0 whip.
* * * LOW HITPOINT WARNING * * *
😨 HP[-2]
You take 2 damage, and now have 9/25 hp.
Unknown command.
You barely miss the kobold. The quokka bites you.
* * * LOW HITPOINT WARNING * * *
The kobold hits you with a +0 whip.
* * * LOW HITPOINT WARNING * * *
😱 HP[-7]
You take 7 damage, and now have 2/25 hp.
MASSIVE DAMAGE!! (PAUSE) It was a potion of haste.
You feel yourself speed up. The quokka barely misses you.
The kobold hits you but does no damage.
Okay, then.
Unknown command.
Unknown command.
The quokka closely misses you. The kobold hits you with a +0 whip.
You die...

Skill      XL: |  1  2 |
---------------+-------+-----
Short Blades   | 1 |  1.8
Dodging        | 2 |  2.1
Fighting       | |  0.8
Stealth        | |  2.9
Spellcasting   | |  2.1
Hexes          | |  3.1
Ice Magic      | |  0.1

Action                     || total
---------------------------++-------
  Melee: Dagger            ||   105
         Punch             ||     2
   Cast: Ensorcelled Hiber ||     4
    Use: Scroll            ||     1
         Potion            ||     3
   Stab: Sleeping          ||     7
 Armour: Robe              ||    46
  Dodge: Dodged            ||    82

Levels and vault maps discovered:
D:1:      lemuel_arrival_tunnels, layout_loops_cross
D:2:      layout_basic, grunt_decor_mini_mirrors, uniq_sigmund
D:3:      lemuel_castle_with_subvaults [lemuel_castle_interior_original],
          layout_loops_ring, lemuel_tele_altar, hex_medium,
          minmay_misc_feat_five, uniq_jessica

Notes
Turn   | Place    | Note
-------+----------+-------------------------------------------
     0 | D:1      | kae the Demonspawn Enchanter began the quest for the Orb.
     0 | D:1      | Reached XP level 1. HP: 13/13 MP: 3/3
     0 | D:1      | magus.rc [v1.11.3]
   163 | D:1      | Reached skill level 1 in Short Blades
   179 | D:1      | Gained mutation: You have sharp fingernails. [demonic
                  | ancestry]
   179 | D:1      | Reached XP level 2. HP: 20/20 MP: 5/5
   182 | D:1      | Learned a level 2 spell: Ensorcelled Hibernation
   271 | D:1      | Reached skill level 2 in Dodging
   910 | D:2      | Reached XP level 3. HP: 25/25 MP: 6/6
   914 | D:2      | Learned a level 3 spell: Confusing Touch
   933 | D:2      | You pick up a book of Cantrips and begin reading...
   933 | D:2      | You add the spells Necrotise, Summon Small Mammal and
                  | Apportation to your library.
  1154 | D:2      | Noticed Sigmund
  1387 | D:3      | Noticed an ice beast
  1412 | D:3      | HP: 5/25 [quokka (5)]
  1414 | D:3      | HP: 1/25 [quokka (3)]
  1419 | D:3      | HP: 6/25 [quokka (3)]
  1419 | D:3      | HP: 2/25 [kobold/+0 whip (4)]
  1421 | D:3      | Slain by a kobold

Vanquished Creatures
  3 dart slugs (D:1)
  3 endoplasms (D:1)
  A giant cockroach (D:2)
  A goblin (D:1)
  A hobgoblin (D:2)
  6 jackals
  3 ball pythons (D:1)
  2 bats
  A frilled lizard (D:1)
  3 kobolds
  4 rats
28 creatures vanquished.

Table legend:
 A = Non-vault XP
 B = Vault XP
 C = Vault XP percentage of total XP
 D = Non-vault monster count
 E = Vault monster count
 F = Vault count percentage of total count
                 A         B        C        D         E       F
            +---------+---------+-------+---------+---------+-------
      Total |      53 |       0 |   0.0 |      28 |       0 |   0.0
            +---------+---------+-------+---------+---------+-------
        D:1 |      36 |       0 |   0.0 |      19 |       0 |   0.0
        D:2 |      15 |       0 |   0.0 |       8 |       0 |   0.0
        D:3 |       2 |       0 |   0.0 |       1 |       0 |   0.0
            +---------+---------+-------+---------+---------+-------

Skill      XL: |  1  2 |
---------------+-------+-----
Short Blades   | 1 |  1.8
Dodging        | 2 |  2.1
Fighting       | |  0.8
Stealth        | |  2.9
Spellcasting   | |  2.1
Hexes          | |  3.1
Ice Magic      | |  0.1

Action                     || total
---------------------------++-------
  Melee: Dagger            ||   105
         Punch             ||     2
   Cast: Ensorcelled Hiber ||     4
    Use: Scroll            ||     1
         Potion            ||     3
   Stab: Sleeping          ||     7
 Armour: Robe              ||    46
  Dodge: Dodged            ||    82

Illustrated notes

Table legend:
 A = Kills in this place as a percentage of kills in the entire game.
 B = Kills by you in this place as a percentage of kills by you in the entire game.
 C = Kills by friends in this place as a percentage of kills by friends in the entire game.
 D = Other kills in this place as a percentage of other kills in the entire game.
 E = Experience gained in this place as a percentage of experience gained in the entire game.
 F = Experience gained in this place divided by the number of levels of this place that you have seen.
                   A       B       C       D       E      F
               +-------+-------+-------+-------+-------+----------------------
         Total | 100.0 | 100.0 |   N/A |   N/A | 100.0 |  17.7
       Dungeon | 100.0 | 100.0 |   N/A |   N/A | 100.0 |  17.7
               +-------+-------+-------+-------+-------+----------------------

Table legend: (Time is in decaauts)
 A = Elapsed time spent in this place.
 B = Non-inter-level travel time spent in this place.
 C = Inter-level travel time spent in this place.
 D = Time resting spent in this place.
 E = Time spent auto-exploring this place.
 F = Levels seen in this place.
 G = Mean time per level.
                   A        B        C        D        E       F      G
               +--------+--------+--------+--------+--------+-----+--------+
         Total |   1413 |   1336 |     77 |     20 |   1082 |   3 |  471.0 |
       Dungeon |   1413 |   1336 |     77 |     20 |   1082 |   3 |  471.0 |
               +--------+--------+--------+--------+--------+-----+--------+

Top non-repeatable levels by time:
     D:2: 695 daAuts
     D:1: 684 daAuts
     D:3: 33 daAuts
